 Dungeon Crawl Stone Soup version 0.24-a0-487-g57318f2ed0 (webtiles) character file.

Game seed: 1224879782663854444

50 Roran the Sneak (level 4, -1/24 HPs)
             Began as a Kobold Enchanter on July 10, 2019.
             Slain by a gnoll
             ... wielding a +0 flail
              (12 damage)
             ... on level 2 of the Dungeon.
             The game lasted 00:05:27 (2051 turns).

Roran the Sneak (Kobold Enchanter)                  Turns: 2051, Time: 00:05:28

Health: -1/24      AC:  2    Str:  5    XL:     4   Next: 4%
Magic:  7/7        EV: 15    Int: 16    God:
Gold:   35         SH:  0    Dex: 16    Spells: 6/7 levels left

rFire    . . .     SeeInvis .   a - +1 dagger
rCold    . . .     Gourm    .   (shield restricted)
rNeg     . . .     Faith    .   b - +0 robe
rPois    .         Spirit   .   (no helmet)
rElec    .         Reflect  .   (no cloak)
rCorr    .         Harm     .   (no gloves)
MR       .....                  (no boots)
Stlth    +++.......             k - amulet of regeneration
HPRegen  0.48/turn              (no ring)
MPRegen  0.10/turn              (no ring)

@: berserk cooldown
A: small, carnivore
a: no special abilities


You were on level 2 of the Dungeon.
You were completely stuffed.

You visited 1 branch of the dungeon, and saw 2 of its levels.

You collected 35 gold pieces.

Inventory:

Hand Weapons
 a - a +1 dagger (weapon)
Armour
 b - a +0 robe (worn)
Jewellery
 k - an amulet of regeneration (around neck)
Scrolls
 g - a scroll of remove curse
Potions
 e - a potion of might
 f - a potion of degeneration
 i - a potion of flight {unknown}
Comestibles
 c - 4 chunks of flesh
 d - a ration


   Skills:
 + Level 2.8 Short Blades
 - Level 2.4 Dodging
 * Level 5.8 Stealth
 - Level 2.1 Spellcasting
 - Level 3.0 Hexes


You had 6 spell levels left.
You knew the following spells:

 Your Spells              Type           Power        Failure   Level  Hunger
a - Corona                Hex            ##.....      6%          1    #......

Your spell library contained the following spells:

 Spells                   Type           Power        Failure   Level  Hunger
 Ensorcelled Hibernation  Hex/Ice        #.....       17%         2    ###....
 Confuse                  Hex            ##......     19%         3    ###....
 Tukima's Dance           Hex            ##......     19%         3    ###....
 Dazzling Spray           Conj/Hex       #.....       32%         3    ###....


Dungeon Overview and Level Annotations

Branches:
Dungeon (2/15)

Altars:


Innate Abilities, Weirdness & Mutations

You are small and have problems with some larger weapons.
You are carnivorous and can eat meat at any time.


Message History

The gnoll is heavily wounded.
You feel a little less mighty now. The gnoll hits you with a +0 flail!
You hit the gnoll but do no damage.
The gnoll is heavily wounded.
The gnoll hits you with a +0 flail!
* * * LOW HITPOINT WARNING * * *
You are too injured to fight recklessly!
You are too injured to fight recklessly!
The gnoll hits you with a +0 flail.
* * * LOW HITPOINT WARNING * * *
The gnoll closely misses you.
You feel yourself speed up. The gnoll barely misses you.
Found a stone staircase leading down.
Found an escape hatch in the ceiling.
Found a ration.
The gnoll hits you with a +0 flail!
Ouch! That really hurt!
You die...

#.. #.......# #####..
##.......#######...... .........
........### #.......#####.....###
##### #.....%.............# ....#
#.......###.[........ ..).#
###....<......##.###.## ....#
#>..#.@# ####.....#. ....#
#.##.g## ##....#...#. ....#
#.##.#######...##...... ...(#
###.##.###.......#.....## ....#
#...#.......##.......).#.
.(.(#####.#............###)....#.
##..(.#........##..#####.........
##..........##.##.## ##........##
........(...#.....# ##..#.#....#.


You could see a gnoll.

Vanquished Creatures
  2 oozes (D:2)
  2 dart slugs (D:1)
  A leopard gecko (D:2)
  2 giant cockroaches (D:1)
  3 hobgoblins
  8 kobolds
  9 bats
  2 goblins (D:1)
  7 rats
36 creatures vanquished.

Notes
Turn   | Place    | Note
-------+----------+-------------------------------------------
     0 | D:1      | Roran the Kobold Enchanter began the quest for the Orb.
     0 | D:1      | Reached XP level 1. HP: 10/10 MP: 3/3
   521 | D:1      | Reached XP level 2. HP: 12/15 MP: 5/5
  1051 | D:1      | Reached skill level 5 in Stealth
  1229 | D:1      | Reached XP level 3. HP: 12/19 MP: 4/6
  2003 | D:2      | Reached XP level 4. HP: 24/24 MP: 7/7
  2051 | D:2      | Slain by a gnoll

Levels and vault maps discovered:
D:1:      dpeg_arrival_ternary, layout_basic
D:2:      layout_rooms, minitemple, serial_glass, glass_columns_a,
          glass_columns_a, first_ration, minmay_misc_feat_nine_boxes

Skill      XL: |  1  2 |
---------------+-------+-----
Short Blades   | 2 |  2.8
Stealth        | 5 |  5.8
Dodging        | |  2.4
Spellcasting   | |  2.1
Hexes          | |  3.0

Action                   |  1- 3 |  4- 6 || total
-------------------------+-------+-------++-------
Melee: Dagger            |   182 |     4 ||   186
 Cast: Corona            |    17 |       ||    17
  Use: Scroll            |     3 |       ||     3
       Potion            |     2 |     1 ||     3
 Stab: Sleeping          |     6 |       ||     6
  Eat: Chunk             |    12 |       ||    12
Armor: Robe              |    33 |       ||    33
Dodge: Dodged            |   160 |     5 ||   165

Table legend:
 A = Non-vault XP
 B = Vault XP
 C = Vault XP percentage of total XP
 D = Non-vault monster count
 E = Vault monster count
 F = Vault count percentage of total count
                 A         B        C        D         E       F
            +---------+---------+-------+---------+---------+-------
      Total |      72 |       0 |   0.0 |      36 |       0 |   0.0
            +---------+---------+-------+---------+---------+-------
        D:1 |      39 |       0 |   0.0 |      23 |       0 |   0.0
        D:2 |      33 |       0 |   0.0 |      13 |       0 |   0.0
            +---------+---------+-------+---------+---------+-------
